 Dungeon Crawl Stone Soup version 0.31-a0-963-ga325b2283a (webtiles) character file.

Game seed: 11610378265079195251

1092 pokeman the Thaumaturge (level 8, -11/45 HPs)
             Began as a Deep Elf Hedge Wizard on Oct 24, 2023.
             Was a Believer of Vehumet.
             Mangled by a gnoll bouda
             ... wielding a +0 whip
              (12 damage)
             ... on level 5 of the Dungeon.
             The game lasted 00:10:54 (4587 turns).

pokeman the Thaumaturge (Deep Elf Hedge Wizard)     Turns: 4587, Time: 00:10:55

Health: -11/45     AC:  5    Str:  7    XL:     8   Next: 9%
Magic:  2/22       EV: 13    Int: 22    God:    Vehumet [**....]
Gold:   262        SH:  0    Dex: 14    Spells: 10/24 levels left

rFire   + . .        v - +2 quarterstaff (chaos)
rCold   + . .        (shield currently unavailable)
rNeg    + . .        D - +1 robe {rC+ rF+}
rPois   .            e - +0 helmet
rElec   .            w - +0 cloak
rCorr   .            (no gloves)
SInv    .            (no boots)
Will    .....        h - amulet of regeneration
Stlth   ++           l - ring of positive energy
HPRegen 1.07/turn    (no ring)
MPRegen 0.18/turn

%: no passive effects
@: weakened, on blink cooldown, very slightly contaminated
A: no striking features
a: Renounce Religion


You were on level 5 of the Dungeon.
You worshipped Vehumet.
Vehumet was pleased with you.
You visited 1 branch of the dungeon, and saw 5 of its levels.

You collected 262 gold pieces.

Inventory:

Hand Weapons
 v - a +2 quarterstaff of chaos (weapon)
Armour
 e - a +0 helmet (worn)
 w - a +0 cloak (worn)
 D - a +1 robe of resistance (worn)
Jewellery
 h - an amulet of regeneration (around neck)
 l - a ring of positive energy (left hand)
Wands
 a - a wand of polymorph (12)
 B - a wand of flame (23)
Scrolls
 f - 3 scrolls of teleportation {unknown}
 i - 2 scrolls of revelation {unknown}
 k - a scroll of brand weapon {unknown}
 m - a scroll of fog {unknown}
 p - a scroll of enchant weapon {unknown}
 q - 4 scrolls of poison {unknown}
 t - a scroll of vulnerability {unknown}
 u - a scroll of fear {unknown}
 x - a scroll of enchant armour {unknown}
 y - a scroll of identify {unknown}
Potions
 c - 2 potions of haste {unknown}
 d - 2 potions of magic
 g - 2 potions of enlightenment {unknown}
 j - 2 potions of berserk rage {unknown}
 n - 2 potions of lignification {unknown}
 o - a potion of degeneration {unknown}
 r - a potion of mutation {unknown}
 s - a potion of invisibility {unknown}
 z - 3 potions of attraction {unknown}
 A - a potion of heal wounds {unknown}


   Skills:
 + Level 2.8 Fighting
 + Level 2.7 Armour
 - Level 3.0 Dodging
 - Level 3.0 Stealth
 * Level 8.6 Spellcasting
 + Level 4.5 Conjurations
 - Level 2.0 Summonings
 - Level 2.0 Translocations
 + Level 0.7 Fire Magic
 - Level 1.0 Air Magic
 - Level 1.0 Poison Magic


You had 10 spell levels left.
You knew the following spells:

 Your Spells              Type           Power      Damage    Failure   Level
a - Magic Dart            Conj           100%       1d8       1%          1
b - Mephitic Cloud        Conj/Pois/Air  19%        N/A       9%          3
c - Call Imp              Summ           36%        N/A       4%          2
d - Blink                 Tloc           36%        N/A       4%          2
e - Starburst             Conj/Fire      10%        6d5       98%         6

Your spell library contained the following spells:

 Spells                   Type           Power      Damage    Failure   Level
 Poisonous Vapours        Pois/Air       26%        N/A       7%          2
 Momentum Strike          Conj/Tloc      46%        3d9       2%          2
 Lesser Beckoning         Tloc           36%        N/A       4%          2
 Slow                     Hex            36%        N/A       7%          1
 Cigotuvi's Dreadful Rot  Necr/Pois/Air  24%        N/A       8%          2
 Dazzling Flash           Conj/Hex       38%        N/A       9%          3
 Gell's Gravitas          Tloc           18%        N/A       9%          3
 Teleport Other           Tloc           18%        N/A       9%          3
 Volatile Blastmotes      Fire/Tloc      30%        2d12      12%         3
 Iskenderun's Mystic Bla  Conj/Tloc      23%        2d6       19%         4
 Fulminant Prism          Conj/Hex       9%         3d7       26%         4
 Dispersal                Tloc           9%         N/A       99%         6
 Maxwell's Capacitive Co  Air            6%         ∞         100%        8


Dungeon Overview and Level Annotations

Branches:
Dungeon (5/15)
 Temple: D:4-7

Altars:
Trog
Vehumet

Annotations:
D:4 Grinder


Message History

The gnoll bouda is heavily wounded.
The gnoll bouda completely misses you.
The gnoll bouda hits you with a +0 whip.
* * * LOW HITPOINT WARNING * * *
Unknown command.
Casting: Mephitic Cloud (dangerous; 9% risk of failure)
Confirm with . or Enter, or press ? or * to list all spells.
You blink.
The gnoll bouda misses you.
Unknown command.
Casting: Blink (safe; 4% risk of failure)
Confirm with . or Enter, or press ? or * to list all spells.
Aiming: Mephitic Cloud (dangerous; 9% risk of failure)
Press: ? - help, Shift-Dir - straight line, f - scorpion, p - iguana
Aim: a scorpion (chance to affect: 81%)
You miscast Mephitic Cloud.
You are very lightly contaminated with residual magic.
Nothing appears to happen.
The gnoll bouda gazes fiercely through you!
You feel as though you will be weak longer.
The gnoll bouda misses you.
The iguana barely misses the gnoll bouda.
The gnoll bouda hits you with a +0 whip.
* * * LOW HITPOINT WARNING * * *
The scorpion barely misses you.
Unknown command.
Unknown command.
Casting: Mephitic Cloud (dangerous; 9% risk of failure)
Confirm with . or Enter, or press ? or * to list all spells.
You don't have enough magic to cast this spell.
Okay, then.
Unknown command.
Unknown command.
The scorpion attacks as it pursues you! The scorpion barely misses you.
The gnoll bouda attacks as it pursues you!
The gnoll bouda hits you with a +0 whip!
* * * LOW HITPOINT WARNING * * *
The gnoll bouda gazes fiercely through you!
You feel as though you will be weak longer.
The gnoll bouda hits you with a +0 whip!
You die...

..# #.#### #######.....
#...)....... ##### #..........
....#+######..........######..
............##...#+###........
............##..@g............
............##..s.............
............##........g...#...
............##.....l......# .
†...#+##...###............#
....#.##...# ####.........#
.####.##...## #..........#
.#........... +......>...+
...##.###########..........#


You could see a gnoll bouda (fast, agile), a scorpion, an iguana (confused) and
a gnoll (confused).

Vanquished Creatures
  Sigmund (D:4)
  Eustachio (D:4)
  Blork the orc (D:4)
  3 scorpions (D:4)
  2 jellies
  An orc priest (D:4)
  2 hounds
  A gnoll bouda (D:3)
  3 iguanas
  Jessica (D:2)
  A statue (D:4)
  7 adders
  5 gnolls
  2 dart slugs
  3 orcs
  5 bats
  2 endoplasms
  11 giant cockroaches
  8 goblins
  5 hobgoblins
  2 jackals (D:1)
  5 quokkas
  6 ball pythons
  A frilled lizard (D:1)
  11 kobolds
  6 rats
96 creatures vanquished.

Vanquished Creatures (collateral kills)
  Crazy Yiuf (D:2)
  2 worms (D:2)
3 creatures vanquished.

Grand Total: 99 creatures vanquished

Notes
Turn   | Place    | Note
-------+----------+-------------------------------------------
     0 | D:1      | pokeman the Deep Elf Hedge Wizard began the quest for the
                  | Orb.
     0 | D:1      | Reached XP level 1. HP: 10/10 MP: 7/7
   301 | D:1      | Reached XP level 2. HP: 15/15 MP: 6/9
   921 | D:1      | Reached XP level 3. HP: 19/19 MP: 9/11
   925 | D:1      | Learned a level 3 spell: Mephitic Cloud
   928 | D:1      | Learned a level 2 spell: Call Imp
   931 | D:1      | Learned a level 2 spell: Blink
  1342 | D:2      | Found a radiant altar of Vehumet.
  1350 | D:2      | Became a worshipper of Vehumet
  1746 | D:2      | Noticed Jessica
  1750 | D:2      | Killed Jessica
  1751 | D:2      | Reached skill level 5 in Spellcasting
  1751 | D:2      | Reached XP level 4. HP: 24/24 MP: 8/13
  1781 | D:2      | Reached skill level 1 in Poison Magic
  2013 | D:2      | Reached * piety under Vehumet
  2013 | D:2      | Offered knowledge of Sandblast by Vehumet.
  2103 | D:2      | Reached skill level 1 in Air Magic
  2443 | D:2      | Found a runed translucent door.
  2444 | D:2      | Noticed Crazy Yiuf
  2468 | D:2      | Killed Crazy Yiuf
  2469 | D:2      | Reached XP level 5. HP: 28/28 MP: 9/15
  2607 | D:3      | Reached skill level 1 in Fighting
  2607 | D:3      | Reached skill level 6 in Spellcasting
  3139 | D:4      | Noticed Eustachio
  3366 | D:4      | Killed Eustachio
  3367 | D:4      | Reached skill level 1 in Armour
  3367 | D:4      | Reached XP level 6. HP: 24/34 MP: 12/17
  3543 | D:4      | Reached skill level 7 in Spellcasting
  3620 | D:4      | Found a radiant altar of Vehumet.
  3629 | D:4      | Reached XP level 7. HP: 31/39 MP: 11/19
  3744 | D:4      | Noticed Grinder
  3745 | D:4      | Found a bloodstained altar of Trog.
  3851 | D:4      | Noticed Sigmund
  3873 | D:4      | Killed Sigmund
  3873 | D:4      | Offered knowledge of Poisonous Vapours by Vehumet.
  3874 | D:4      | Reached ** piety under Vehumet
  3875 | D:4      | Noticed Blork the orc
  3902 | D:4      | Reached skill level 8 in Spellcasting
  4051 | D:4      | Killed Blork the orc
  4170 | D:4      | Learned a level 6 spell: Starburst
  4367 | D:5      | Entered Level 5 of the Dungeon
  4479 | D:5      | Reached XP level 8. HP: 45/45 MP: 16/22
  4587 | D:5      | HP: 1/45 [gnoll bouda/+0 whip (9)]
  4587 | D:5      | Mangled by a gnoll bouda

Illustrated notes

Levels and vault maps discovered:
D:1:      dpeg_arrival_rooms_a, layout_basic, minmay_tree_intersection,
          minmay_pentomino_o2
D:2:      layout_rooms, basic_altar, minmay_worlds_worst_comb, uniq_jessica,
          uniq_crazy_yiuf_cottage
D:3:      layout_basic, grunt_decor_fettered, nicolae_grassy_gnolls
D:4:      layout_basic, vehumet_statue, trog_three_pillars_becter,
          minmay_quantized, uniq_eustachio, uniq_blork_the_orc, uniq_sigmund,
          uniq_grinder
D:5:      layout_basic, lemuel_doored_altar, serial_shops, nicolae_shop_trees

Skill      XL: |  1  2  3  4  5  6  7 |
---------------+----------------------+-----
Stealth        | 3 |  3.0
Dodging        | 3 |  3.0
Conjurations   | 2 3 4 |  4.5
Spellcasting   | 5 6 7 8 |  8.6
Translocations | 2 |  2.0
Summonings     | 2 |  2.0
Poison Magic   | 1 |  1.0
Air Magic      | 1 |  1.0
Fighting       | 1 2 |  2.8
Armour         | 1 2 |  2.7
Fire Magic     | |  0.7

Action                     |  1- 3 |  4- 6 |  7- 9 || total
---------------------------+-------+-------+-------++-------
  Melee: Dagger            |     3 |     2 |       ||     5
         Quarterstaff      |       |    25 |    40 ||    65
   Cast: Magic Dart        |   110 |    65 |    45 ||   220
         Call Imp          |     1 |     4 |     1 ||     6
         Mephitic Cloud    |       |     7 |    13 ||    20
         Blink             |       |       |     3 ||     3
   Stab: Confused          |       |     3 |     2 ||     5
         Sleeping          |       |       |     1 ||     1
 Armour: Robe              |    18 |    12 |    38 ||    68
  Dodge: Dodged            |    24 |    29 |    53 ||   106

Table legend: (Time is in decaauts)
 A = Elapsed time spent in this place.
 B = Non-inter-level travel time spent in this place.
 C = Inter-level travel time spent in this place.
 D = Time resting spent in this place.
 E = Time spent auto-exploring this place.
 F = Levels seen in this place.
 G = Mean time per level.
                   A        B        C        D        E       F      G
               +--------+--------+--------+--------+--------+-----+--------+
         Total |   4606 |   4474 |    132 |    215 |   3485 |   5 |  921.2 |
       Dungeon |   4606 |   4474 |    132 |    215 |   3485 |   5 |  921.2 |
               +--------+--------+--------+--------+--------+-----+--------+

Top non-repeatable levels by time:
     D:1: 1326 daAuts
     D:2: 1200 daAuts
     D:4: 1013 daAuts
     D:3: 842 daAuts
     D:5: 223 daAuts
